Map: Romanticide LE

Players

HotKeyPlayer - Winner!

  • Race: Terran Terran
  • League: Gold
  • Spawn Location: 5:00

Schnetz

  • Race: Zerg Zerg
  • League: Platinum
  • Spawn Location: 11:00

VOD

Have the link to the VOD?

Description

Time

  • Played on: Nov. 18, 2020, 7:57 a.m.
  • Length: 19:56
Show
View Real Time Build Order
Export as new Build Order

HotKeyPlayer Terran - Winner!

Build Orders:  

Get SALT Encoding   

  12  0:09  SCV  
  13  0:22  SCV  
  14  0:29  Supply Depot  
  14  0:34  SCV  
  15  0:35  Refinery  
  15  0:51  SCV  
  16  0:59  Barracks  
  16  1:06  SCV  
  16  1:08  Barracks  
  18  1:18  SCV  
  18  1:36  Barracks  
  18  1:46  Reaper  
  19  1:47  Supply Depot  
  19  1:49  SCV  
  20  1:55  Reaper  
  21  2:07  SCV  
  22  2:13  Refinery  
  22  2:19  Reaper, SCV  
  24  2:27  Reaper  
  25  2:38  Marine  
  25  2:40  Bunker  
  25  2:43  SCV  
  27  2:55  SCV  
  27  2:56  Marine  
  29  3:14  Marine  
  30  3:23  Bunker  
  30  3:28  Command Center  
  30  3:29  SCV  
  31  3:47  Supply Depot  
  31  3:48  Supply Depot  
  31  3:55  Bunker  
  31  4:05  Marine  
  31  4:08  Marine  
  32  4:23  Marine  
  32  4:42  Marine  
  33  4:49  Marine  
  34  4:55  Bunker  
  34  5:08  Bunker  
  33  5:25  Marine  
  32  5:43  Marine  
  33  5:54  SCV  
  31  6:00  Marine  
  30  6:06  SCV  
  30  6:11  Factory  
  31  6:12  Factory  
  31  6:14  Factory  
  31  6:15  Factory  
  31  6:18  Marine, SCV  
  31  6:19  Refinery  
  31  6:21  Refinery  
  33  6:30  SCV  
  34  6:36  Marine  
  35  6:41  Engineering Bay  
  35  6:42  Marine  
  35  6:43  SCV  
  37  6:54  Marine  
  37  6:55  SCV  
  37  7:00  Marine  
  40  7:07  Widow Mine x4, SCV  
  49  7:13  Armory  
  49  7:19  SCV  
  50  7:28  Widow Mine  
  51  7:31  SCV  
  48  7:52  SCV  
  47  7:59  Factory Tech Lab x3  
  47  8:00  Command Center, Factory Tech Lab  
  47  8:04  SCV  
  48  8:16  SCV  
  49  8:30  Hellion  
  49  8:31  Hellion x3  
  57  8:36  Starport  
  57  8:37  Planetary Fortress  
  57  8:48  Infernal Pre-Igniter  
  57  8:52  Hellion, SCV  
  60  9:08  Hellion  
  62  9:12  Hellion x2  
  66  9:23  Starport  
  66  9:24  Starport Tech Lab  
  66  9:32  SCV  
  67  9:44  Siege Tank, SCV  
  74  9:47  Planetary Fortress  
  74  9:52  Cloaking Field  
  71  9:53  Banshee  
  71  9:56  SCV  
  71  10:08  SCV  
  66  10:25  Starport Tech Lab  
  66  10:29  SCV  
  66  10:32  Planetary Fortress  
  67  10:36  Banshee  
  67  10:37  Siege Tank  
  67  10:38  Siege Tank  
  67  10:41  SCV  
  71  10:51  Banshee  
  71  10:53  SCV, Hyperflight Rotors  
  75  11:05  SCV  
  75  11:07  Refinery  
  75  11:10  Refinery  
  76  11:17  SCV  
  77  11:35  Supply Depot  
  77  11:36  Supply Depot  
  77  11:47  Supply Depot  
  77  11:51  Supply Depot  
  77  11:56  Banshee x2  
  75  12:15  SCV  
  71  12:27  SCV  
  72  12:33  Command Center  
  72  12:36  Starport  
  72  12:39  SCV, Banshee x2  
  72  12:41  SCV  
  80  12:49  Hellion x3  
  86  12:52  Hellion  
  86  12:53  SCV  
  89  13:03  SCV x2  
  89  13:05  SCV  
  92  13:08  Supply Depot  
  92  13:11  Supply Depot  
  92  13:15  Starport Tech Lab, SCV x2  
  92  13:17  SCV  
  95  13:22  Banshee  
  97  13:29  SCV  
  96  13:38  Widow Mine x4  
  110  13:59  Widow Mine  
  112  14:07  Widow Mine x3  
  121  14:21  Widow Mine  
  121  14:29  Raven  
  121  14:30  Raven x2  
  112  15:06  Widow Mine x2  
  94  15:12  Raven x2  
  94  15:13  Raven  
  96  15:16  Widow Mine x2  
  100  15:27  Widow Mine x2  
  104  15:38  Widow Mine x2  
  105  15:48  Widow Mine  
  107  15:55  Raven x3  
  105  16:38  Raven x2  
  109  16:40  Supply Depot  
  109  16:42  Supply Depot  
  109  16:43  Supply Depot x2  
  109  16:56  Raven  
  98  17:21  Raven x2  
  102  17:36  Planetary Fortress  
  76  18:08  Banshee x3  
  83  18:51  Banshee x2  
Show
View Real Time Build Order
Export as new Build Order

Schnetz Zerg 

Build Orders: Hatch First, Roach Hydra, Swarm Host 

Get SALT Encoding   

  12  0:06  Drone  
  13  0:12  Drone  
  14  0:17  Overlord  
  14  0:23  Extractor  
  14  0:25  Extractor  
  14  0:26  Drone  
  13  0:31  Drone  
  16  0:42  Drone  
  17  0:59  Drone  
  17  1:00  Hatchery  
  17  1:04  Drone  
  17  1:10  Extractor  
  17  1:11  Drone  
  18  1:23  Drone  
  19  1:30  Spawning Pool  
  18  1:33  Drone  
  19  1:44  Drone  
  20  1:55  Drone  
  21  2:16  Overlord  
  21  2:18  Queen  
  21  2:20  Queen  
  25  2:31  Zergling x6  
  25  2:35  Drone x2  
  29  2:42  Metabolic Boost  
  29  2:49  Zergling x4  
  31  3:02  Roach Warren  
  31  3:03  Hatchery  
  26  3:15  Zergling x10  
  31  3:20  Drone  
  31  3:25  Extractor  
  31  3:27  Drone x2  
  33  3:44  Roach  
  33  3:45  Overlord x2  
  33  3:48  Drone  
  36  3:52  Overlord  
  35  4:08  Roach x3  
  40  4:12  Drone x2  
  42  4:27  Roach x3  
  48  4:33  Roach  
  48  4:38  Roach  
  47  4:39  Roach  
  47  4:50  Lair  
  45  4:54  Roach  
  45  4:56  Drone x2  
  45  5:02  Roach  
  45  5:05  Roach  
  45  5:11  Roach  
  45  5:13  Roach  
  43  5:21  Roach x2  
  43  5:27  Roach  
  47  5:28  Roach  
  47  5:37  Roach x2  
  47  5:41  Roach  
  49  5:46  Roach  
  49  5:48  Roach  
  49  5:54  Roach  
  51  6:08  Drone x3  
  51  6:10  Drone  
  51  6:11  Drone x3  
  58  6:14  Glial Reconstitution  
  58  6:20  Overseer x2  
  58  6:31  Queen  
  60  6:35  Drone x2  
  60  6:37  Drone x2  
  60  6:39  Drone x2  
  66  6:42  Overseer  
  66  6:53  Evolution Chamber  
  65  6:54  Evolution Chamber  
  65  6:56  Hydralisk Den  
  65  6:57  Ravager  
  64  7:05  Extractor  
  64  7:07  Extractor  
  64  7:08  Drone x3  
  65  7:12  Drone  
  65  7:13  Overlord x3  
  66  7:16  Overlord  
  66  7:20  Zerg Melee Weapons Level 1  
  64  7:30  Roach  
  64  7:31  Roach x2  
  68  7:48  Zergling x24  
  80  8:00  Zerg Missile Weapons Level 1  
  80  8:03  Muscular Augments  
  80  8:08  Drone x2  
  80  8:09  Drone  
  80  8:10  Drone  
  80  8:11  Drone x2  
  86  8:24  Hydralisk x2  
  90  8:37  Hatchery  
  89  8:44  Hydralisk  
  89  8:47  Overlord x4  
  91  8:58  Infestation Pit  
  91  9:02  Hydralisk  
  90  9:05  Hydralisk x3  
  90  9:08  Hydralisk  
  100  9:14  Hydralisk  
  100  9:15  Hydralisk  
  104  9:26  Hydralisk x2  
  108  9:32  Grooved Spines  
  108  9:34  Extractor  
  107  9:38  Extractor  
  107  9:42  Zerg Ground Armor Level 1  
  106  9:47  Drone x5  
  106  9:50  Drone  
  112  9:54  Queen  
  105  10:07  Hydralisk x3  
  105  10:10  Zergling x2  
  105  10:11  Zergling x2  
  111  10:21  Zergling x12  
  116  10:26  Zerg Missile Weapons Level 2  
  116  10:32  Hive  
  116  10:39  Drone  
  116  10:40  Drone x2  
  118  10:46  Drone x4  
  121  10:51  Drone  
  121  10:52  Overlord  
  121  10:53  Overlord  
  122  11:00  Pathogen Glands  
  122  11:09  Overlord x4  
  122  11:17  Zergling x10  
  114  11:33  Swarm Host x2  
  114  11:34  Swarm Host x3  
  114  11:37  Drone  
  114  11:38  Drone x2  
  132  11:46  Adrenal Glands  
  132  11:48  Zerg Melee Weapons Level 2  
  124  12:07  Swarm Host x4  
  124  12:08  Swarm Host x3  
  103  12:16  Swarm Host x2  
  109  12:25  Roach  
  109  12:26  Roach x4  
  119  12:35  Swarm Host x3  
  128  12:50  Zergling x22  
  139  13:00  Zerg Ground Armor Level 2  
  139  13:02  Hydralisk  
  139  13:03  Hydralisk  
  143  13:05  Drone  
  143  13:06  Drone x2  
  146  13:38  Roach x4  
  146  13:41  Overlord x5  
  154  13:56  Overlord x2  
  154  14:04  Zerg Missile Weapons Level 3  
  154  14:07  Overlord x3  
  154  14:10  Hatchery  
  153  14:23  Viper x2  
  153  14:24  Viper x3  
  156  14:28  Hydralisk x3  
  156  14:29  Hydralisk x2  
  178  14:44  Hydralisk  
  178  14:45  Hydralisk x4  
  142  15:11  Hydralisk x2  
  142  15:12  Hydralisk x4  
  146  15:18  Overseer  
  146  15:20  Overseer  
  118  15:43  Hydralisk x2  
  69  17:09  Hydralisk x3  
  53  17:27  Hatchery  
  46  17:35  Spawning Pool  
  43  17:54  Hydralisk x5  
  17  18:39  Zergling x10  
Tags
 
Add a new tag
Caveats
  • Supply blocks, unpowered buildings, or Contaminate may cause inaccurate times.
  • Supply counts are checked every 10 seconds.